 Dungeon Crawl Stone Soup version 0.31-a0-1499-ge0622b2318 (webtiles) character file.

Game seed: 7639005385501735441

282 Sabo the Ducker (level 6, -4/53 HPs)
             Began as a Gnoll Monk on Dec 28, 2023.
             Slain by BigPumpCobain's ghost (5 damage)
             ... on level 3 of the Dungeon on Dec 30, 2023.
             The game lasted 00:16:38 (2970 turns).

Sabo the Ducker (Gnoll Monk)                        Turns: 2970, Time: 00:16:39

Health: -4/53      AC: 11    Str: 12    XL:     6   Next: 28%
Magic:  9/9        EV:  4    Int:  9    God:
Gold:   193        SH:  0    Dex: 15    Spells: 9/9 levels left

rFire   . . .        a - +0 hand axe
rCold   . . .        d - orb {light}
rNeg    . . .        n - +0 plate armour
rPois   .            (no helmet)
rElec   .            (no cloak)
rCorr   .            r - +0 pair of gloves
SInv    .            (no boots)
Will    .....        (no amulet) Stlth
                     (no ring)
HPRegen 0.28/turn    (no ring)
MPRegen 0.11/turn

%: no passive effects
@: glowing
A: fangs 1, strong nose, distributed training
a: no special abilities


You were on level 3 of the Dungeon.
You visited 1 branch of the dungeon, and saw 3 of its levels.

You collected 193 gold pieces.

Inventory:

Hand Weapons
 a - a +0 hand axe (weapon)
 k - a +0 scythe
Armour
 d - an orb of light (worn)
 n - a +0 plate armour (worn)
 r - a +0 pair of gloves (worn)
Talismans
 l - a serpent talisman
Wands
 p - a wand of digging (1)
Scrolls
 e - a scroll of identify {unknown}
 f - 2 scrolls of poison {unknown}
 i - 2 scrolls of teleportation {unknown}
 j - 2 scrolls of noise {unknown}
 m - a scroll of acquirement {unknown}
 q - a scroll of enchant weapon {unknown}
Potions
 b - a potion of haste {unknown}
 c - a potion of ambrosia
 g - 4 potions of enlightenment {unknown}
 h - a potion of curing {unknown}
 o - a potion of heal wounds {unknown}
 s - a potion of mutation {unknown}
 t - a potion of brilliance {unknown}


   Skills:
 + Level 6.8 Fighting
 + Level 2.0 Short Blades
 + Level 2.0 Long Blades
 + Level 6.8 Axes
 + Level 2.0 Maces & Flails
 + Level 2.0 Polearms
 + Level 2.0 Staves
 + Level 2.0 Ranged Weapons
 + Level 2.0 Throwing
 + Level 2.0 Armour
 + Level 6.8 Dodging
 + Level 2.0 Stealth
 + Level 2.0 Shields
 + Level 2.0 Unarmed Combat
 + Level 2.0 Spellcasting
 + Level 1.5 Conjurations
 + Level 1.5 Hexes
 + Level 1.5 Summonings
 + Level 1.5 Necromancy
 + Level 1.5 Translocations
 + Level 1.5 Fire Magic
 + Level 1.5 Ice Magic
 + Level 1.5 Air Magic
 + Level 1.5 Earth Magic
 + Level 1.5 Alchemy
 + Level 2.1 Invocations
 + Level 2.0 Evocations
 + Level 1.7 Shapeshifting


You had 9 spell levels left.
You didn't know any spells.
Your spell library contained the following spells:

 Spells                   Type           Power      Damage    Failure   Level
 Necrotise                Necr           12%        1d4       100%        1
 Inner Flame              Hex/Fire       3%         N/A       100%        3
 Vampiric Draining        Necr           3%         2d6       100%        3
 Flame Wave               Conj/Fire      3%         2d5       100%        4
 Martyr's Knell           Necr/Summ      3%         N/A       100%        4
 Sticky Flame             Fire/Alch      3%         2d4       100%        4
 Curse of Agony           Necr           3%         N/A       100%        5


Dungeon Overview and Level Annotations

Branches:
Dungeon (3/15)

Altars:
Makhleb

Annotations:
D:3 BigPumpCobain's ghost, amateur HOFi


Innate Abilities, Weirdness & Mutations

You have very sharp teeth.
Your uncanny sense of smell can sniff out nearby items.
Your experience applies equally to all skills.


Message History

There is an open door here.
You see here a +0 club.
Things that are here:
a +0 ring mail; a +0 club; a +0 dagger The adder hisses angrily.
BigPumpCobain's ghost screams, "You will join me soon!"
You open the door. You hit BigPumpCobain's ghost.
BigPumpCobain's ghost is lightly damaged.
BigPumpCobain's ghost barely misses you.
You hit BigPumpCobain's ghost but do no damage.
BigPumpCobain's ghost is lightly damaged.
BigPumpCobain's ghost hits you! BigPumpCobain's ghost freezes you.
You hit BigPumpCobain's ghost.
BigPumpCobain's ghost is moderately damaged.
BigPumpCobain's ghost hits you but does no damage.
You hit BigPumpCobain's ghost but do no damage.
BigPumpCobain's ghost is moderately damaged.
BigPumpCobain's ghost hits you but does no damage.
You hit BigPumpCobain's ghost.
You bite BigPumpCobain's ghost, but do no damage.
BigPumpCobain's ghost is moderately damaged.
BigPumpCobain's ghost hits you! BigPumpCobain's ghost freezes you.
You hit BigPumpCobain's ghost but do no damage.
BigPumpCobain's ghost is moderately damaged.
BigPumpCobain's ghost hits you! BigPumpCobain's ghost freezes you.
You hit BigPumpCobain's ghost but do no damage.
BigPumpCobain's ghost is moderately damaged.
BigPumpCobain's ghost hits you.
* * * LOW HITPOINT WARNING * * *
BigPumpCobain's ghost freezes you.
* * * LOW HITPOINT WARNING * * *
You completely miss BigPumpCobain's ghost.
BigPumpCobain's ghost is moderately damaged.
You slash BigPumpCobain's ghost!
BigPumpCobain's ghost is heavily damaged.
BigPumpCobain's ghost hits you!
* * * LOW HITPOINT WARNING * * *
BigPumpCobain's ghost freezes you.
You die...

#.# #[## ##### #.# #).# #...#
#.# ##'## ###.#.### #.# ##...##
#...#...###.#######.8.8.# ###
#.#####...........#.....###..
#...#...##........#.8.8.#...#
######.#.####........##._.######
#........####..@.....###########
#.###...[.....#W#...............
#.# #.#######.#S#....#######.###
#.# #.# #.#~#....# #.# #.# #.#
#.#~#....# #.# #.# #<#
###~####.# #.# #.# #.#
######[####.# #.# #.# #.#
#....#~##...#######.### #.# #.#
#.#### #.####.........


You could see BigPumpCobain's ghost and an adder.

Vanquished Creatures
  Sigmund (D:2)
  An orc priest (D:3)
  3 adders
  A gnoll (D:1)
  A ribbon worm (D:2)
  A dart slug (D:1)
  2 orcs (D:3)
  7 ball pythons
  8 endoplasms
  6 goblins
  3 hobgoblins (D:1)
  4 jackals (D:1)
  A quokka (D:1)
  5 bats
  4 frilled lizards
  3 kobolds (D:1)
  4 rats
55 creatures vanquished.

Notes
Turn   | Place    | Note
-------+----------+-------------------------------------------
     0 | D:1      | Sabo the Gnoll Monk began the quest for the Orb.
     0 | D:1      | Reached XP level 1. HP: 23/23 MP: 1/1
   288 | D:1      | Reached XP level 2. HP: 25/29 MP: 2/2
   389 | D:1      | Reached XP level 3. HP: 26/35 MP: 3/3
   506 | D:1      | Found a faded altar of an unknown god.
   670 | D:1      | Upgraded the game from 0.31-a0-1447-g87ca8d402b to
                  | 0.31-a0-1469-gd420192249
   688 | D:1      | Reached skill level 1 in Invocations
  1157 | D:2      | Noticed Sigmund
  1169 | D:2      | Killed Sigmund
  1170 | D:2      | Reached skill level 1 in Short Blades
  1170 | D:2      | Reached skill level 1 in Long Blades
  1170 | D:2      | Reached skill level 1 in Maces & Flails
  1170 | D:2      | Reached skill level 1 in Polearms
  1170 | D:2      | Reached skill level 1 in Staves
  1170 | D:2      | Reached skill level 1 in Ranged Weapons
  1170 | D:2      | Reached skill level 1 in Throwing
  1170 | D:2      | Reached skill level 1 in Armour
  1170 | D:2      | Reached skill level 1 in Stealth
  1170 | D:2      | Reached skill level 1 in Shields
  1170 | D:2      | Reached skill level 1 in Unarmed Combat
  1170 | D:2      | Reached skill level 1 in Spellcasting
  1170 | D:2      | Reached skill level 1 in Conjurations
  1170 | D:2      | Reached skill level 1 in Hexes
  1170 | D:2      | Reached skill level 1 in Summonings
  1170 | D:2      | Reached skill level 1 in Necromancy
  1170 | D:2      | Reached skill level 1 in Translocations
  1170 | D:2      | Reached skill level 1 in Fire Magic
  1170 | D:2      | Reached skill level 1 in Ice Magic
  1170 | D:2      | Reached skill level 1 in Air Magic
  1170 | D:2      | Reached skill level 1 in Earth Magic
  1170 | D:2      | Reached skill level 1 in Alchemy
  1170 | D:2      | Reached skill level 1 in Evocations
  1170 | D:2      | Reached skill level 1 in Shapeshifting
  1170 | D:2      | Reached XP level 4. HP: 38/41 MP: 4/6
  1170 | D:2      | Reached XP level 5. HP: 44/47 MP: 4/7
  1906 | D:2      | Reached XP level 6. HP: 51/53 MP: 8/8
  1978 | D:3      | Found a runed translucent door.
  1979 | D:3      | Noticed BigPumpCobain's ghost (amateur HOFi)
  2326 | D:3      | Found a burning altar of Makhleb.
  2380 | D:3      | Upgraded the game from 0.31-a0-1469-gd420192249 to
                  | 0.31-a0-1499-ge0622b2318
  2970 | D:3      | HP: 1/53 [BigPumpCobain's ghost (10)]
  2970 | D:3      | Slain by BigPumpCobain's ghost

Illustrated notes

Levels and vault maps discovered:
D:1:      lemuel_arrival_river_bridge, layout_loops_corners,
          shapermc_ecumenical_altar_ellora
D:2:      layout_loops_ring, uniq_sigmund
D:3:      layout_loops_ring, bloody_makhleb, ebering_ghost_sewer_d,
          kennysheep_orc_chapel

Skill      XL: |  1  2  3  4  5  6 |
---------------+-------------------+-----
Invocations    | 1 2 |  2.1
Short Blades   | 1 2 |  2.0
Long Blades    | 1 2 |  2.0
Maces & Flails | 1 2 |  2.0
Polearms       | 1 2 |  2.0
Staves         | 1 2 |  2.0
Ranged Weapons | 1 2 |  2.0
Throwing       | 1 2 |  2.0
Armour         | 1 2 |  2.0
Stealth        | 1 2 |  2.0
Shields        | 1 2 |  2.0
Unarmed Combat | 1 2 |  2.0
Spellcasting   | 1 2 |  2.0
Conjurations   | 1 |  1.5
Hexes          | 1 |  1.5
Summonings     | 1 |  1.5
Necromancy     | 1 |  1.5
Translocations | 1 |  1.5
Fire Magic     | 1 |  1.5
Ice Magic      | 1 |  1.5
Air Magic      | 1 |  1.5
Earth Magic    | 1 |  1.5
Alchemy        | 1 |  1.5
Evocations     | 1 2 |  2.0
Shapeshifting  | 1 |  1.7
Fighting       | |  6.8
Axes           | |  6.8
Dodging        | |  6.8

Action                     |  1- 3 |  4- 6 || total
---------------------------+-------+-------++-------
  Melee: Hand axe          |    73 |    81 ||   154
         Bite              |    10 |     4 ||    14
    Use: Scroll            |       |     2 ||     2
 Armour: Leather armour    |    24 |       ||    24
         Plate armour      |       |    71 ||    71
  Dodge: Dodged            |    50 |     6 ||    56

Table legend: (Time is in decaauts)
 A = Elapsed time spent in this place.
 B = Non-inter-level travel time spent in this place.
 C = Inter-level travel time spent in this place.
 D = Time resting spent in this place.
 E = Time spent auto-exploring this place.
 F = Levels seen in this place.
 G = Mean time per level.
                   A        B        C        D        E       F      G
               +--------+--------+--------+--------+--------+-----+--------+
         Total |   2964 |   2964 |      0 |    113 |      0 |   3 |  988.0 |
       Dungeon |   2964 |   2964 |      0 |    113 |      0 |   3 |  988.0 |
               +--------+--------+--------+--------+--------+-----+--------+

Top non-repeatable levels by time:
     D:1: 1155 daAuts
     D:3: 1022 daAuts
     D:2: 786 daAuts
